 Dungeon Crawl Stone Soup version 0.29.1-2-gbd0b4ee654 (webtiles) character file.

Game seed: 13093802515543837061

188 cdecastro the Ruffian (level 5, -2/45 HPs)
             Began as a Ghoul Monk on Nov 19, 2022.
             Was a Follower of Okawaru.
             Slain by an orc priest
             ... wielding a +0 flail
              (7 damage)
             ... on level 3 of the Dungeon.
             The game lasted 00:04:09 (2676 turns).

cdecastro the Ruffian (Ghoul Monk)                  Turns: 2676, Time: 00:04:10

Health: -2/45      AC:  5    Str: 17    XL:     5   Next: 67%
Magic:  4/4        EV: 11    Int:  5    God:    Okawaru [*.....]
Gold:   140        SH:  0    Dex: 11    Spells: 4/4 levels left

rFire   . . .      SeeInvis .     - Unarmed
rCold   + . .      Faith    .   (no shield)
rNeg    + + +      Spirit   .   g - +0 ring mail
rPois   ∞          Reflect  .   (no helmet)
rElec   .          Harm     .   (no cloak)
rCorr   .          Rampage  .   (no gloves)
Will    .....                   (no boots)
Stlth   +.........              (no amulet)
HPRegen 0.00/turn               (no ring)
MPRegen 0.09/turn               (no ring)

@: inhibited regen
A: claws 1, cold resistance 1, negative energy resistance 3, inhibited
regeneration, torment resistance 2, devour on kill
a: Renounce Religion, Heroism


You were on level 3 of the Dungeon.
You worshipped Okawaru.
Okawaru was aware of your devotion.
You visited 1 branch of the dungeon, and saw 4 of its levels.

You collected 140 gold pieces.

Inventory:

Missiles
 j - 4 boomerangs (quivered)
Armour
 a - a +0 robe
 g - a +0 ring mail (worn)
 i - a +0 chain mail
 k - a +0 cloak
 r - a +0 hat
Scrolls
 c - 2 scrolls of fear {unknown}
 e - 2 scrolls of poison {unknown}
 f - 8 scrolls of identify {unknown}
 m - 2 scrolls of noise {unknown}
 q - a scroll of teleportation {unknown}
 s - a scroll of butterflies {unknown}
Potions
 b - a potion of curing {unknown}
 d - 2 potions of haste {unknown}
 h - 2 potions of attraction {unknown}
 l - a potion of flight {unknown}
 n - 3 potions of resistance {unknown}
 o - a potion of might {unknown}
 p - a potion of lignification {unknown}


   Skills:
 - Level 3.2 Fighting
 - Level 2.6 Dodging
 - Level 2.1 Stealth
 + Level 6.8 Unarmed Combat


You had 4 spell levels left.
You didn't know any spells.
Your spell library contained the following spells:

 Spells                   Type           Power      Damage    Failure   Level
 Sting                    Tmut/Pois      0%         1d3       69%         1
 Poisonous Vapours        Pois/Air       0%         N/A       83%         2
 Conjure Flame            Conj/Fire      0%         6-21      96%         3
 Ignite Poison            Fire/Tmut/Pois 0%         N/A       96%         3
 Olgreb's Toxic Radiance  Pois           0%         N/A       100%        4
 Passage of Golubria      Tloc           0%         N/A       100%        4
 Sticky Flame             Conj/Fire      0%         2d3       100%        4
 Yara's Violent Unravell  Hex/Tmut       0%         3d3       100%        5
 Tukima's Dance           Hex            Unusable   N/A       N/A         3

Dungeon Overview and Level Annotations

Branches:
Dungeon (4/15)
 Temple: D:4-7

Altars:
Okawaru
Sif Muna
Trog


Innate Abilities, Weirdness & Mutations

You are immune to poison.
You have sharp fingernails.
Your flesh is cold resistant. (rC+)
You are immune to negative energy. (rN+++)
You do not regenerate when monsters are visible.
You are immune to unholy pain and torment.
You thrive by killing the living.


Message History

There is a stone staircase leading up here.
Unknown command.
The orc priest closely misses you. The orc hits you with a +0 falchion.
You climb upwards.
There is a stone staircase leading down here.
Unknown command.
You scratch the orc priest.
The orc priest is heavily wounded.
The orc hits you with a +0 falchion.
The orc priest hits you with a +0 flail.
You closely miss the orc priest.
You claw the orc priest, but do no damage.
The orc priest is heavily wounded.
You scratch the orc priest but do no damage.
The orc priest is heavily wounded.
The orc closely misses you. The orc priest closely misses you.
You scratch the orc priest.
The orc priest is almost dead.
The orc hits you but does no damage. The orc priest barely misses you.
You scratch the orc priest but do no damage.
The orc priest is almost dead.
The orc barely misses you.
The orc priest hits you with a +0 flail.
You closely miss the orc priest.
The orc priest is almost dead.
The orc hits you with a +0 falchion.
The orc priest hits you with a +0 flail!
* * * LOW HITPOINT WARNING * * *
You barely miss the orc priest.
The orc priest is almost dead.
The orc closely misses you.
The orc priest calls down the wrath of Beogh upon you.
Beogh smites you!
* * * LOW HITPOINT WARNING * * *
You scratch the orc priest.
The orc priest is almost dead.
The orc hits you with a +0 falchion.
* * * LOW HITPOINT WARNING * * *
The orc priest hits you with a +0 flail!
You die...

## ####### #######.
#..@o.#######.......
#.o...........######
#.....#############.
#...................
#.....##############
###### ##.....#
.....# ###......#
..##.# ##........#
#.##.## ##..#...####
#


You could see an orc priest and an orc.

Vanquished Creatures
  An orc priest (D:3)
  An orc wizard (D:3)
  A gnoll (D:1)
  3 adders
  A worm (D:2)
  2 dart slugs (D:2)
  7 orcs
  4 ball pythons
  8 endoplasms
  4 giant cockroaches
  6 goblins
  4 hobgoblins
  6 kobolds
  5 quokkas
  12 bats
  3 frilled lizards
  9 rats
77 creatures vanquished.

Notes
Turn   | Place    | Note
-------+----------+-------------------------------------------
     0 | D:1      | cdecastro the Ghoul Monk began the quest for the Orb.
     0 | D:1      | Reached XP level 1. HP: 19/19 MP: 0/0
   119 | D:1      | Reached XP level 2. HP: 24/26 MP: 1/1
   200 | D:1      | Reached skill level 4 in Unarmed Combat
   846 | D:1      | Reached XP level 3. HP: 31/31 MP: 2/2
  1201 | D:2      | Reached skill level 5 in Unarmed Combat
  1248 | D:2      | Reached XP level 4. HP: 35/38 MP: 3/3
  1280 | D:2      | You fall into a shaft and drop 1 floor!
  1348 | D:3      | Reached skill level 6 in Unarmed Combat
  1348 | D:3      | Reached XP level 5. HP: 44/45 MP: 4/4
  1509 | D:2      | Found a shimmering blue altar of Sif Muna.
  1827 | D:2      | Found a faded altar of an unknown god.
  2328 | D:3      | Found a bloodstained altar of Trog.
  2328 | D:3      | Found an iron altar of Okawaru.
  2383 | D:3      | Became a worshipper of Warmaster Okawaru
  2383 | D:3      | Reached * piety under Okawaru
  2383 | D:3      | Reached ** piety under Okawaru
  2676 | D:3      | Slain by an orc priest

Illustrated notes

Levels and vault maps discovered:
D:1:      dpeg_arrival_orchard, layout_loops_corners, st_stairs_2
D:2:      layout_loops_ring, basic_altar,
          hellmonk_ecumenical_altar_defaced_shrine, minmay_split_cup_large
D:3:      layout_rooms, grunt_temple_overflow_bloody_war
D:4:      layout_basic

Skill      XL: |  1  2  3  4 |
---------------+-------------+-----
Unarmed Combat | 4 5 6 |  6.8
Fighting       | |  3.2
Dodging        | |  2.6
Stealth        | |  2.1

Action                   |  1- 3 |  4- 6 || total
-------------------------+-------+-------++-------
Melee: Unarmed           |   102 |   141 ||   243
       Punch             |       |     7 ||     7
  Use: Potion            |       |     1 ||     1
 Stab: Sleeping          |     4 |     1 ||     5
Armor: Robe              |    12 |       ||    12
       Ring mail         |     8 |    41 ||    49
Dodge: Dodged            |    66 |    81 ||   147
